 Dungeon Crawl Stone Soup version 0.20.1-1-g8b1a95d (webtiles) character file.

2760 letownia2 the Reanimator (level 9, -9/70 HPs)
             Began as a Deep Dwarf Necromancer on Dec 18, 2017.
             Was an Initiate of Gozag.
             Mangled by an orc warrior
             ... wielding a cursed +0 war axe
              (11 damage)
             ... in a bailey.
             The game lasted 00:24:44 (6493 turns).

letownia2 the Reanimator (Deep Dwarf Necromancer)   Turns: 6493, Time: 00:24:45

Health: -9/70      AC:  8    Str: 14    XL:     9   Next: 41%
Magic:  4/16       EV: 16    Int: 17    God:    Gozag
Gold:   684        SH:  0    Dex: 18    Spells: 13/17 levels left

rFire    . . .     SeeInvis .   b - +0 dire flail (pain)
rCold    + . .     Gourm    .   (shield currently unavailable)
rNeg     . . .     Faith    .   o - +0 ring mail
rPois    .         Spirit   .   k - +0 helmet
rElec    .         Reflect  .   G - +0 cloak
rCorr    .         Harm     .   O - +0 pair of gloves
MR       +....                  (no boots)
Stlth    +++.......             (no amulet)
Regen    0.0/turn               h - +3 ring of slaying
MPRegen  0.2/turn               z - ring of protection from cold

@: agile, non-regenerating
A: damage resistance, heal wounds, sense surroundings 2, no regeneration
a: Heal Wounds, Potion Petition, Call Merchant, Bribe Branch, Renounce Religion


You were in a bailey.
You worshipped Gozag.
Gozag was pleased with you.
You were near starving.

You visited 1 branch of the dungeon, and saw 7 of its levels.
You also visited: Bailey.

You collected 1309 gold pieces.
You spent 53 gold pieces at shops.
You paid 572 gold pieces to Gozag.

Inventory:

Hand Weapons
 a - a +0 war axe
 b - a +0 dire flail of pain (weapon)
 g - a +0 hunting sling
 r - a +0 hand axe
 v - a +0 shortbow
 I - a +0 dagger
 K - a cursed -2 mace
 U - a -1 glaive
 W - a cursed -1 hand axe
 X - a cursed -1 war axe
Missiles
 x - 75 bolts
 N - 32 arrows
 V - 16 tomahawks of returning (quivered)
Armour
 k - a +0 helmet (worn)
 o - a +0 ring mail (worn)
 G - a +0 cloak (worn)
 O - a +0 pair of gloves (worn)
Magical Staves
 P - an uncursed staff of wizardry
Jewellery
 h - a +3 ring of slaying (left hand)
 z - a ring of protection from cold (right hand)
Wands
 H - a wand of confusion (15/48)
 Q - a wand of lightning (2/15)
Scrolls
 e - a scroll of immolation {unknown}
 i - 3 scrolls of identify
 j - 3 scrolls of remove curse
 l - 4 scrolls of teleportation
 m - 3 scrolls of enchant weapon {unknown}
 p - 4 scrolls of enchant armour {unknown}
 u - 3 scrolls of recharging {unknown}
 y - 2 scrolls of noise {unknown}
 B - a scroll of random uselessness {unknown}
 C - 2 scrolls of fog {unknown}
 S - a scroll of fear {unknown}
Potions
 d - a potion of experience {unknown}
 f - a potion of resistance
 n - 3 potions of degeneration {unknown}
 q - 3 potions of agility
 s - 4 potions of heal wounds {unknown}
 t - 2 potions of haste
 w - 2 potions of berserk rage
 A - 2 potions of flight
 D - 2 potions of might {unknown}
 F - a potion of invisibility
 J - 2 potions of brilliance
 L - a potion of lignification
 M - a potion of cancellation {unknown}
 T - a potion of curing {unknown}
Books
 E - a book of Maledictions

   Spells                             Type                      Level
   a - Corona                         Hexes                        1
   b - Ensorcelled Hibernation        Hexes/Ice                    2
   c - Confuse                        Hexes                        3
   d - Tukima's Dance                 Hexes                        3
   e - Dazzling Spray                 Conjuration/Hexes            3
 R - a book of Necromancy

   Spells                             Type                      Level
   a - Pain                           Necromancy                   1
   b - Animate Skeleton               Necromancy                   1
   c - Vampiric Draining              Necromancy                   3
   d - Regeneration                   Charms/Necromancy            3
   e - Animate Dead                   Necromancy                   4
   f - Control Undead                 Necromancy                   4
Comestibles
 c - 3 bread rations


   Skills:
 - Level 1.3 Fighting
 - Level 7.6 Axes
 - Level 2.1 Dodging
 - Level 2.4 Stealth
 - Level 4.6 Spellcasting
 - Level 9.6 Necromancy
 + Level 6.7 Evocations


You had 13 spell levels left.
You knew the following spells:

 Your Spells              Type           Power        Failure   Level  Hunger
a - Pain                  Necr           ####         1%          1    None
v - Vampiric Draining     Necr           #####.....   1%          3    ###....


Dungeon Overview and Level Annotations

Branches:
Dungeon (8/15)             Temple (0/1) D:4
   Lair: D:8-11

Altars:
Ashenzari
Elyvilon
Fedhas
Gozag
Makhleb
Okawaru
Ru
Trog
Xom
Zin

Shops:
D:4 *   D:5 *%   D:6 *   D:8 =

Annotations:
D:5 othur's ghost, novice MiFi


Innate Abilities, Weirdness & Mutations

You are resistant to damage.
You can heal yourself by infusing magical energy.
You passively map the area around you.
You do not regenerate.


Message History

The orc warrior no longer looks unusually strong.
The orc no longer looks unusually strong.
There is an open door, spattered with blood here.
Items here: ))))) [[[[[
Things that are here:
a hand axe; a leather armour The orc warrior no longer looks unusually strong. x2
Things that are here:
a hand axe; a leather armour
Things that are here:
a hand axe; a leather armour The orc warrior hits you with an enchanted war axe!
* * * LOW HITPOINT WARNING * * *
There is an open door, spattered with blood here.
You are near starving!
It was a potion of agility.
You feel agile all of a sudden.
The orc warrior hits you with an enchanted war axe!
You die...
Your body crumbles into a pile of gold.

♣♣##'''##♣ ##.....## #..)....#
##...)...## #.........#
##........)##
#######.....⌠...).#######
##.....##).......)##.....##
#.....).o.o@......).......#
##......)##...)...##)......##
#.......).#.......#..o......#
##.........##.....##)o.......#
#.....⌠.....#######.....⌠.....
##.........##$,$ $##.........#
#.....o...# $$$$$,#....)o...#
##....o..## ##.)))...##
#...)...#,, ,, #.......#


You could see 2 orc warriors.

Vanquished Creatures
  Grinder (D:6)
  A wyvern (D:8)
  Grum (D:8)
  A hungry ghost (D:8)
  Edmund (D:5)
  5 orc warriors (Bailey)
  A black bear (D:8)
  2 ogres
  3 wolves (D:8)
  A centaur (D:5)
  Blork the orc (D:5)
  2 crimson imps
  2 hounds
  A quasit (D:8)
  A jelly (D:8)
  2 orc wizards
  6 worker ants
  A killer bee zombie (D:6)
  A hound skeleton (D:8)
  21 gnolls
  6 adders
  2 shadow imps
  3 oozes
  An adder skeleton (D:5)
  2 worms
  A dart slug (D:3)
  4 leopard geckos
  32 orcs
  2 ball pythons
  5 giant cockroaches
  21 goblins
  20 hobgoblins
  10 jackals
  A quokka (D:5)
  12 bats
  7 frilled lizards
  7 kobolds
  9 rats
200 creatures vanquished.

Notes
Turn   | Place    | Note
-------+----------+-------------------------------------------
     0 | D:1      | letownia2 the Deep Dwarf Necromancer began the quest for the Orb.
     0 | D:1      | Reached XP level 1. HP: 15/15 MP: 3/3
     6 | D:1      | Noticed a redback
     6 | D:1      | Noticed a polar bear
    20 | D:1      | Noticed a lindwurm
    20 | D:1      | Noticed a hound
   303 | D:3      | Reached XP level 2. HP: 22/22 MP: 1/5
   480 | D:4      | Found an opulent altar of Gozag.
   684 | D:4      | Noticed an ogre
   702 | D:3      | Reached skill level 5 in Necromancy
   702 | D:3      | Reached XP level 3. HP: 24/28 MP: 0/6
   761 | D:3      | Learned a level 3 spell: Vampiric Draining
   831 | D:3      | Reached skill level 6 in Necromancy
   831 | D:3      | Reached XP level 4. HP: 29/36 MP: 1/7
  1264 | D:3      | Noticed an ogre
  1372 | D:2      | Found a shimmering altar of Xom.
  1584 | D:4      | Became a worshipper of Gozag Ym Sagoz the Greedy
  1620 | D:4      | Reached XP level 5. HP: 31/42 MP: 0/9
  1634 | D:4      | Found a burning altar of Makhleb.
  1644 | D:4      | Found a staircase to the Ecumenical Temple.
  1775 | D:4      | Found Zin's Purification Station.
  1775 | D:4      | Found a glowing silver altar of Zin.
  1816 | D:4      | Noticed a phantom
  1950 | D:2      | Found a shattered altar of Ashenzari.
  2145 | D:2      | Found a blossoming altar of Fedhas.
  2156 | D:2      | Found a bloodstained altar of Trog.
  2966 | D:3      | Found a blossoming altar of Fedhas.
  3382 | D:4      | Reached skill level 1 in Fighting
  3382 | D:4      | Reached skill level 1 in Evocations
  3382 | D:4      | Reached XP level 6. HP: 25/51 MP: 0/10
  3580 | D:5      | Entered Level 5 of the Dungeon
  3687 | D:4      | Reached skill level 7 in Necromancy
  3789 | D:5      | Noticed Blork the orc
  3876 | D:5      | Found Amnymauc's Food Emporium.
  3954 | D:5      | Noticed othur's ghost (novice MiFi)
  3959 | D:5      | Killed Blork the orc
  3959 | D:5      | Reached XP level 7. HP: 51/57 MP: 3/12
  3985 | D:5      | Noticed Edmund
  4081 | D:5      | Killed Edmund
  4231 | D:5      | Found Kaammir's Assorted Antiques.
  4238 | D:5      | Bought a scroll labeled WOUSUKUMEXE for 19 gold pieces
  4238 | D:5      | Bought 2 dark potions for 34 gold pieces
  4405 | D:6      | Found a sacrificial altar of Ru.
  4429 | D:6      | Found Edadoegg's General Store.
  4486 | D:6      | Reached skill level 8 in Necromancy
  4516 | D:6      | Found a white marble altar of Elyvilon.
  4667 | D:6      | Noticed Grinder
  4690 | D:6      | Killed Grinder
  4690 | D:6      | Reached XP level 8. HP: 32/64 MP: 13/15
  4951 | D:6      | You fall through a shaft for 2 floors!
  4964 | D:8      | Found an iron altar of Okawaru.
  5088 | D:8      | Reached skill level 5 in Axes
  5219 | D:8      | Noticed Grum
  5253 | D:8      | Killed Grum
  5282 | D:8      | Noticed a two-headed ogre
  5309 | D:8      | Found a flagged portal.
  5362 | D:8      | Gained mutation: You passively map the area around you. [Deep Dwarf growth]
  5362 | D:8      | Reached XP level 9. HP: 62/70 MP: 5/16
  5530 | Bailey   | Entered a bailey
  5632 | Bailey   | Reached skill level 9 in Necromancy
  6048 | Bailey   | Reached skill level 5 in Evocations
  6335 | Bailey   | Noticed an orc warlord
  6336 | Bailey   | Noticed an orc knight
  6489 | Bailey   | HP: 2/70 [orc warrior/enchanted war axe (15)]
  6493 | Bailey   | Mangled by an orc warrior

Skill      XL: |  1  2  3  4  5  6  7  8  9 |
---------------+----------------------------+-----
Spellcasting   | 2 3 4 |  4.6
Necromancy     | 5 6 7 8 9 |  9.6
Fighting       | 1 |  1.3
Evocations     | 1 4 6 |  6.7
Axes           | 2 7 |  7.6
Dodging        | |  2.1
Stealth        | |  2.4

Action                   |  1- 3 |  4- 6 |  7- 9 || total
-------------------------+-------+-------+-------++-------
Melee: Dagger            |     2 |    48 |       ||    50
       War axe           |       |    14 |   162 ||   176
       Staff             |       |       |     1 ||     1
       Dire flail        |       |       |    48 ||    48
Throw: Tomahawk          |       |       |     2 ||     2
 Cast: Pain              |    30 |   134 |    40 ||   204
       Vampiric Draining |       |    13 |    63 ||    76
Invok: Call Merchant     |       |       |     1 ||     1
Evoke: Wand              |       |       |    10 ||    10
  Use: Scroll            |       |     1 |    10 ||    11
       Potion            |       |       |     1 ||     1
 Stab: Sleeping          |     2 |     2 |       ||     4
       Confused          |       |       |     1 ||     1
       Distracted        |       |       |     1 ||     1
  Eat: Chunk             |       |     4 |       ||     4
       Meat ration       |       |     2 |     1 ||     3
       Fruit             |       |       |     7 ||     7
       Royal jelly       |       |       |     2 ||     2
Armor: Ring mail         |     6 |    53 |   112 ||   171
Dodge: Dodged            |     7 |    92 |   156 ||   255
